Map: Polka LE

Players

Massa - Winner!

  • Race: Terran Terran
  • League: Platinum
  • Spawn Location: 5:00

qqq - Winner!

  • Race: Zerg Zerg
  • Spawn Location: 5:00

Orkmetzler

  • Race: Protoss Protoss
  • Spawn Location: 11:00

Maula

  • Race: Protoss Protoss
  • League: Diamond
  • Spawn Location: 11:00

VOD

Have the link to the VOD?

Description

Time

  • Played on: March 15, 2021, 5:17 p.m.
  • Length: 4:22
Show
View Real Time Build Order
Export as new Build Order

Massa Terran - Winner!

Build Orders:  

Get SALT Encoding   

  12  0:00  SCV  
  13  0:12  SCV  
  14  0:26  Supply Depot  
  14  0:28  SCV  
  15  0:47  SCV  
  15  0:49  Barracks  
  16  0:55  Refinery  
  16  0:59  SCV  
  17  1:05  Barracks  
  17  1:12  SCV  
  18  1:23  Barracks  
  18  1:29  SCV  
  19  1:35  Barracks Tech Lab  
  19  1:44  Orbital Command  
  19  2:02  Supply Depot  
  19  2:10  Barracks Tech Lab  
  19  2:31  Barracks Tech Lab, Marauder  
  19  2:33  SCV  
  22  2:52  Marauder x2  
  26  3:22  Concussive Shells  
  24  3:43  Marauder  
  24  3:44  Marauder x2  
  28  4:12  Command Center  
Show
View Real Time Build Order
Export as new Build Order

qqq Zerg - Winner!

Build Orders: Hatch First 

Get SALT Encoding   

  12  0:04  Drone  
  13  0:14  Drone  
  14  0:18  Overlord  
  14  0:45  Hatchery  
  13  0:51  Drone x2  
  13  0:57  Extractor  
  14  0:59  Drone  
  15  1:20  Spawning Pool  
  14  1:35  Drone x2  
  14  1:36  Drone  
  16  1:48  Drone  
  17  1:58  Drone  
  18  2:02  Drone  
  19  2:22  Drone x2  
  21  2:23  Zergling x4  
  21  2:26  Metabolic Boost  
  24  2:30  Zergling x2  
  24  2:34  Zergling x2  
  25  2:48  Zergling x4  
  27  2:53  Overlord  
  27  2:56  Zergling x2  
  28  3:10  Queen  
  28  3:11  Zergling x4  
  32  3:15  Zergling x4  
  34  3:23  Queen  
  34  3:26  Overlord  
  36  3:32  Overlord  
  36  3:45  Zergling x8  
Show
View Real Time Build Order
Export as new Build Order

Orkmetzler Protoss 

Build Orders:  

Get SALT Encoding   

  12  0:00  Probe (Chrono Boost)  
  13  0:10  Probe (Chrono Boost)  
  14  0:19  Pylon  
  14  0:21  Probe  
  15  0:39  Pylon  
  15  0:44  Probe  
  16  0:53  Forge  
  16  0:56  Probe  
  17  1:13  Gateway  
  17  1:17  Probe  
  18  1:20  Assimilator  
  18  1:22  Assimilator  
  18  1:29  Probe  
  19  1:35  Photon Cannon  
  19  1:41  Probe (Chrono Boost)  
  20  1:53  Probe (Chrono Boost)  
  21  1:58  Probe (Chrono Boost)  
  22  2:08  Probe  
  23  2:12  Cybernetics Core  
  23  2:20  Probe  
  24  2:23  Photon Cannon  
  24  2:28  Pylon  
  24  2:32  Probe, Pylon  
  25  2:38  Zealot  
  27  2:47  Pylon  
  27  2:51  Probe  
  27  2:57  Stargate  
  28  3:07  Photon Cannon  
Show
View Real Time Build Order
Export as new Build Order

Maula Protoss 

Build Orders:  

Get SALT Encoding   

  12  0:01  Probe  
  13  0:13  Probe  
  14  0:22  Assimilator  
  14  0:25  Probe  
  15  0:30  Pylon  
  15  0:48  Probe  
  16  0:52  Gateway  
  16  0:55  Assimilator  
  16  1:00  Probe  
  17  1:12  Probe  
  18  1:24  Probe  
  19  1:36  Probe  
  20  1:48  Probe  
  21  1:54  Cybernetics Core  
  21  2:00  Probe  
  22  2:12  Probe  
  22  2:14  Pylon  
  23  2:32  Probe  
  23  2:33  Nexus  
  24  2:42  Stargate  
  24  2:51  Probe, Stargate  
  25  3:03  Probe  
  26  3:07  Pylon  
  26  3:17  Probe  
  27  3:21  Void Ray (Chrono Boost)  
  31  3:33  Void Ray (Chrono Boost)  
  31  3:40  Assimilator  
  35  3:47  Void Ray (Chrono Boost)  
Tags
 
Add a new tag
Caveats
  • Supply blocks, unpowered buildings, or Contaminate may cause inaccurate times.
  • Supply counts are checked every 10 seconds.